 Dungeon Sprint DCSS version 0.30.1-11-g7821555f0a (webtiles) character file.

Game seed: 17981842635036081295

588 Groucho the Unseen (level 7, -2/32 HPs)
             Began as a Spriggan Enchanter on Nov 20, 2023.
             Was an Initiate of Dithmenos.
             Slain by a centaur warrior (8 damage)
             ... in the Dungeon (Sprint I: "Red Sonja").
             The game lasted 00:01:48 (165 turns).

Groucho the Unseen (Spriggan Enchanter)              Turns: 165, Time: 00:01:48

Health: -2/32      AC:  2    Str:  4    XL:     7   Next: 15%
Magic:  21/21      EV: 18    Int: 18    God:    Dithmenos [......]
Gold:   420        SH:  0    Dex: 16    Spells: 14/25 levels left

rFire   . . .        a - +1 dagger
rCold   . . .        (no shield)
rNeg    . . .        b - +0 robe
rPois   .            (helmet restricted)
rElec   .            (no cloak)
rCorr   .            (gloves unavailable)
SInv    +            (boots unavailable)
Will    +....        (no amulet)
Stlth   ++++++       (no ring)
HPRegen 0.25/turn    (no ring)
MPRegen 0.17/turn

%: no teleportation
@: invisible, very quick
A: very small, no large weapons, unfitting armour, see invisible, speed 3
a: Renounce Religion


You were in the Dungeon.
You worshipped Dithmenos.
Dithmenos was noncommittal.
You visited 1 branch You collected 420 gold pieces.

Inventory:

Hand Weapons
 a - a +1 dagger (weapon)
Armour
 b - a +0 robe (worn)
Wands
 j - a wand of light (5)
Potions
 d - a potion of curing
 f - a potion of haste
 g - 2 potions of magic
 h - a potion of berserk rage
 k - a potion of mutation {unknown}


   Skills:
 + Level 2.8 Short Blades
 + Level 4.2 Dodging
 - Level 15.9 Stealth
 + Level 9.5 Spellcasting
 * Level 0.0 Conjurations
 + Level 10.3 Hexes


You had 14 spell levels left.
You knew the following spells:

 Your Spells              Type           Power      Damage    Failure   Level
a - Ensorcelled Hibernat  Hex/Ice        54%        N/A       1%          2
b - Confusing Touch       Hex            45%        N/A       1%          3
c - Dazzling Flash        Conj/Hex       54%        N/A       3%          3
d - Tukima's Dance        Hex            45%        N/A       1%          3

Your spell library contained the following spells:

 Spells                   Type           Power      Damage    Failure   Level


Dungeon Overview and Level Annotations

Branches:
Dungeon (1/1)

Altars:
Cheibriados
Dithmenos
Elyvilon
Fedhas
Gozag
Hepliaklqana
Kikubaaqudgha
Makhleb
Nemelex Xobeh
Okawaru
Qazlal
Ru
Sif Muna
Trog
Uskayaw
Vehumet
Wu Jian
Xom
Yredelemnul
Zin
The Shining One
Jiyva
Lugonu

Shops:
D !


Innate Abilities, Weirdness & Mutations

You are very small and have problems with some larger weapons.
You are too small for most types of armour.
You have supernaturally acute eyesight. (SInv)
You cover ground extremely quickly. (Speed+++)


Message History

You open the door.
Found 108 gold pieces.
There is an open door here.
You now have 339 gold pieces (gained 27).
You now have 366 gold pieces (gained 27).
You now have 393 gold pieces (gained 27).
You now have 420 gold pieces (gained 27).
There is an open door here.
You close the door.
There is an open door here.
There is an open door here.
Okay, then.
You open the door.
A centaur warrior comes into view.
The centaur warrior moves out of view.
Blink to where?
Press: ? - help, Dir - move target A centaur warrior comes into view.
Found a scroll labelled CUIWIN SUYKHEZEZU and a notched moonstone ring.
As you read the scroll of blinking, it crumbles to dust.
The centaur warrior shouts! x2
The centaur warrior hits you! The centaur warrior kicks you.
The centaur warrior hits you! The centaur warrior kicks you.
* * * LOW HITPOINT WARNING * * *
The centaur warrior hits you.
* * * LOW HITPOINT WARNING * * *
The centaur warrior kicks you.
* * * LOW HITPOINT WARNING * * *
The centaur warrior closely misses you. The centaur warrior kicks you.
* * * LOW HITPOINT WARNING * * *
Unknown command.
You feel much better. The centaur warrior hits you!
The centaur warrior kicks you.
* * * LOW HITPOINT WARNING * * *
The centaur warrior closely misses you. The centaur warrior kicks you.
* * * LOW HITPOINT WARNING * * *
Unknown command.
You fade into invisibility!
The centaur warrior hits you!
You die...

###################
#.)'..#.)'..#__#..+
'..#.)'..#..'..+..#
#####'#####'#__####
####..#...#.####§§#
#__####..##§#~§§§c#
#_____##'#_.'§§§@§+
#_.∩...'..._#~§§§c#
#_..__##_.#'##+####
#_____###+#.#
####### ###


You could see 2 centaur warriors.

Vanquished Creatures
  Sigmund (D)
  A slime creature (D)
  A yak (D)
  An ogre (D)
  A jelly (D)
  Ijyb (D)
6 creatures vanquished.

Notes
Turn   | Place    | Note
-------+----------+-------------------------------------------
     0 | D        | Groucho the Spriggan Enchanter began the quest for the Orb.
     0 | D        | Reached XP level 1. HP: 9/9 MP: 5/5
     3 | D        | Noticed Ijyb
     9 | D        | Killed Ijyb
    10 | D        | Reached skill level 7 in Stealth
    10 | D        | Reached skill level 5 in Hexes
    10 | D        | Reached XP level 2. HP: 13/13 MP: 6/8
    11 | D        | Noticed an ogre
    13 | D        | Killed an ogre
    14 | D        | Reached skill level 10 in Stealth
    14 | D        | Reached XP level 3. HP: 16/16 MP: 6/11
    14 | D        | Reached XP level 4. HP: 21/21 MP: 7/13
    16 | D        | Noticed Sigmund
    18 | D        | Killed Sigmund
    19 | D        | Reached skill level 14 in Stealth
    19 | D        | Reached XP level 5. HP: 24/24 MP: 8/16
    38 | D        | Found a shimmering blue altar of Sif Muna.
    39 | D        | Found an ornate altar of the Wu Jian Council.
    40 | D        | Found a radiant altar of Vehumet.
    45 | D        | Reached XP level 6. HP: 28/28 MP: 12/18
    47 | D        | Found Obueliph's Distillery.
    47 | D        | Found an ancient bone altar of Kikubaaqudgha.
    47 | D        | Found a hazy altar of Hepliaklqana.
    47 | D        | Found a stormy altar of Qazlal.
    47 | D        | Found a hide-covered altar of Uskayaw.
    47 | D        | Found a blossoming altar of Fedhas.
    47 | D        | Found a bloodstained altar of Trog.
    47 | D        | Found an iron altar of Okawaru.
    47 | D        | Found a basalt altar of Yredelemnul.
    47 | D        | Found a glowing golden altar of the Shining One.
    47 | D        | Found a snail-covered altar of Cheibriados.
    47 | D        | Found a sacrificial altar of Ru.
    47 | D        | Found a glowing silver altar of Zin.
    47 | D        | Found a shadowy altar of Dithmenos.
    47 | D        | Found a white marble altar of Elyvilon.
    47 | D        | Noticed a yak
    48 | D        | Found an opulent altar of Gozag.
    49 | D        | Killed a yak
    50 | D        | Reached skill level 15 in Stealth
    50 | D        | Found a sparkling altar of Nemelex Xobeh.
    56 | D        | Became a worshipper of Dithmenos the Shadowed
   108 | D        | Found a burning altar of Makhleb.
   108 | D        | Found a shimmering altar of Xom.
   108 | D        | Noticed a slime creature
   109 | D        | Found a viscous altar of Jiyva.
   109 | D        | Found a corrupted altar of Lugonu.
   118 | D        | Learned a level 2 spell: Ensorcelled Hibernation
   122 | D        | Learned a level 3 spell: Confusing Touch
   126 | D        | Learned a level 3 spell: Dazzling Flash
   130 | D        | Learned a level 3 spell: Tukima's Dance
   134 | D        | Killed a slime creature
   135 | D        | Reached skill level 10 in Hexes
   135 | D        | Reached XP level 7. HP: 32/32 MP: 18/21
   160 | D        | Noticed a centaur warrior
   163 | D        | Noticed a centaur warrior
   163 | D        | HP: 1/32 [centaur warrior (2)]
   165 | D        | Slain by a centaur warrior

Illustrated notes

Levels and vault maps discovered:
D:        dungeon_sprint_1 [red_sonja_temple_1, red_sonja_temple_small_1]

Skill      XL: |  1  2  3  4  5  6 |
---------------+-------------------+-----
Stealth        | 7 10 14 15 | 15.9
Spellcasting   | 4 6 7 8 9 |  9.5
Hexes          | 5 6 8 10 | 10.3
Short Blades   | 2 |  2.8
Dodging        | 4 |  4.2

Action                     |  1- 3 |  4- 6 |  7- 9 || total
---------------------------+-------+-------+-------++-------
  Melee: Dagger            |     6 |     4 |       ||    10
   Cast: Ensorcelled Hiber |       |     1 |       ||     1
    Use: Potion            |     1 |       |     2 ||     3
         Scroll            |       |       |     1 ||     1
   Stab: Sleeping          |     2 |     4 |       ||     6
         Invisible         |     1 |       |       ||     1
  Dodge: Dodged            |     3 |       |     2 ||     5
